 Dungeon Crawl Stone Soup version 0.28.0-43-g3370ac3207 (webtiles) character file.

Game seed: 17903300804710134373

14 crimpus the Skirmisher (level 2, -1/25 HPs)
             Began as a Djinni Cinder Acolyte on Mar 27, 2022.
             Was a High Priest of Ignis.
             Slain by a hobgoblin (4 damage)
             ... on level 2 of the Dungeon.
             The game lasted 00:01:25 (574 turns).

crimpus the Skirmisher (Djinni Cinder Acolyte)       Turns: 574, Time: 00:01:26

Health: -1/25      AC:  2    Str: 13    XL:     2   Next: 60%
Gold:   35         EV:  8    Int: 15    God:    Ignis [*****.] SH:  0 Dex:  8

rFire   + + +      SeeInvis .     - Unarmed
rCold   x . .      Faith    .   (no shield)
rNeg    . . .      Spirit   .   a - +0 robe
rPois   ∞          Reflect  .   (no helmet)
rElec   .          Harm     .   (no cloak)
rCorr   .          Rampage  .   (no gloves)
Will    .....                   (boots unavailable)
Stlth   +.........              (no amulet)
HPRegen 0.08/turn               (no ring)
MPRegen 0.00/turn               (no ring)

@: flying, constricted
A: sickness immunity, fire resistance 2, cold vulnerability 1, float, innate
caster, HP casting, extra vitality 1
a: Renounce Religion, Fiery Armour, Foxfire Swarm, Rising Flame


You were on level 2 of the Dungeon.
You worshipped Ignis.
Ignis was extremely pleased with you.
You visited 1 branch of the dungeon, and saw 2 of its levels.

You collected 35 gold pieces.

Inventory:

Armour
 a - a +0 robe (worn)
Scrolls
 b - a scroll of identify {unknown}
 c - a scroll of noise {unknown}
 d - a scroll of magic mapping {unknown}


   Skills:
 + Level 3.2 Fighting
 * Level 0.8 Dodging
 - Level 3.0 Unarmed Combat
 + Level 2.6 Spellcasting


You had 4 spell levels left.
You knew the following spells:

 Your Spells              Type           Power      Damage    Failure   Level
a - Scorch                Fire           20%        2d6       11%         2
Your spell library was empty.

Dungeon Overview and Level Annotations

Branches:
Dungeon (1/15)

Altars:


Innate Abilities, Weirdness & Mutations

You are immune to sickness and miasma.
You are immune to poison.
Your flesh is very heat resistant. (rF++)
You are vulnerable to cold. (rC-)
You float through the air rather than walking.
You learn spells naturally, not from books.
Your magical power is your life essence.
You have superior vitality. (+4 MHP)


Message History

You are too injured to fight recklessly!
A hobgoblin comes into view.
Casting: Scorch (safe; 11% risk of failure)
Confirm with . or Enter, or press ? or * to list all spells.
Flames lash the hobgoblin.
The hobgoblin is heavily wounded.
The hobgoblin's fire resistance burns away.
The hobgoblin hits you.
* * * LOW HITPOINT WARNING * * *
Your magical contamination has completely faded away.
Casting: Scorch (safe; 11% risk of failure)
Confirm with . or Enter, or press ? or * to list all spells.
You miscast Scorch.
You are very lightly contaminated with residual magic.
Nothing appears to happen.
* * * LOW HITPOINT WARNING * * *
The hobgoblin misses you.
Casting: Scorch (safe; 11% risk of failure)
Confirm with . or Enter, or press ? or * to list all spells.
Flames lash the hobgoblin.
The hobgoblin is burned terribly!
You kill the hobgoblin!
* * * LOW HITPOINT WARNING * * *
Your magical contamination has completely faded away.
There is a shaft here.
You are sucked into a shaft and drop 1 floor!
The shaft crumbles and collapses.
The endoplasm quivers.
The ball python hisses angrily.
The hobgoblin shouts!
Found a scroll labelled FEDYVU JONTAL.
Found 2 scrolls labelled CEXZYV XOALA.
The hobgoblin closely misses you. The hobgoblin closely misses you.
The ball python barely misses you. The ball python grabs you.
The ball python constricts you.
You escape the ball python's grasp.
The ball python bites you.
* * * LOW HITPOINT WARNING * * *
The ball python grabs you. The ball python constricts you.
* * * LOW HITPOINT WARNING * * *
The hobgoblin hits you.
You die...

.#
########.#
#.........
#.........
#.........
#.........
###.........
#......?....
#.@g..##....
#.JS..# ....
#.....# ...
#.....# ..
#...?.#
#.....#
#.....#
#.....#
#.....#


You could see an endoplasm, a hobgoblin and a ball python.

Vanquished Creatures
  A dart slug (D:1)
  3 ball pythons (D:1)
  A bat (D:1)
  2 endoplasms (D:1)
  A giant cockroach (D:1)
  A hobgoblin (D:1)
  A frilled lizard (D:1)
  A kobold (D:1)
11 creatures vanquished.

Notes
Turn   | Place    | Note
-------+----------+-------------------------------------------
     0 | D:1      | crimpus the Djinni Cinder Acolyte began the quest for the
                  | Orb.
     0 | D:1      | Reached XP level 1. HP: 20/20 MP: 0/0
   302 | D:1      | Reached XP level 2. HP: 15/25 MP: 0/0
   564 | D:1      | You are sucked into a shaft and drop 1 floor!
   574 | D:2      | Slain by a hobgoblin

Illustrated notes

Levels and vault maps discovered:
D:1:      roderic_octagonal_star, layout_loops_ring
D:2:      layout_basic

Action                   || total
-------------------------++-------
Melee: Unarmed           ||    19
 Cast: Scorch            ||     7
Armor: Robe              ||     3
Dodge: Dodged            ||    12
